 Dungeon Crawl Stone Soup version 0.31-a0-977-gc230f8ef24 (webtiles) character file.

Game seed: 1094057855272961288

962 voltaire321 the Covered (level 8, -9/50 HPs)
             Began as a Gargoyle Fighter on Oct 29, 2023.
             Killed from afar by a steam dragon (15 damage)
             ... with a ball of steam
             ... on level 5 of the Dungeon.
             The game lasted 00:23:43 (3914 turns).

voltaire321 the Covered (Gargoyle Fighter)          Turns: 3914, Time: 00:23:43

Health: -9/50      AC: 18    Str: 23    XL:     8   Next: 15%
Magic:  8/8        EV: 10    Int: 14    God:
Gold:   102        SH:  5    Dex:  9    Spells: 7/7 levels left

rFire   . . .        a - +0 flail
rCold   . . .        c - +0 buckler
rNeg    + . .        b - +0 scale mail
rPois   ∞            (no helmet)
rElec   +            k - +0 cloak
rCorr   .            (no gloves)
SInv    .            (no boots)
Will    .....        (no amulet) Stlth
                     f - +6 ring of intelligence
HPRegen 0.28/turn    i - +4 ring of protection
MPRegen 0.11/turn

%: no passive effects
@: about to teleport
A: sickness immunity, AC +5, negative energy resistance 1, electricity
resistance, torment resistance 1, petrification resistance
a: no special abilities


You were on level 5 of the Dungeon.
You visited 1 branch of the dungeon, and saw 5 of its levels.

You collected 162 gold pieces.
You spent 60 gold pieces at shops.

Inventory:

Hand Weapons
 a - a +0 flail (weapon)
Missiles
 d - 12 poisoned darts (quivered)
Armour
 b - a +0 scale mail (worn)
 c - a +0 buckler (worn)
 k - a +0 cloak (worn)
Jewellery
 f - a +6 ring of intelligence (left hand)
 i - a +4 ring of protection (right hand)
Talismans
 j - a beast talisman
Wands
 u - a wand of flame (15)
 x - a wand of roots (8)
Scrolls
 g - 2 scrolls of revelation {unknown}
 m - 3 scrolls of noise {unknown}
 o - 2 scrolls of vulnerability
 p - a scroll of blinking {unknown}
 q - 2 scrolls of teleportation
 r - a scroll of enchant armour {unknown}
 v - 2 scrolls of identify
 w - a scroll of poison {unknown}
Potions
 e - 2 potions of brilliance {unknown}
 h - 6 potions of curing
 l - a potion of ambrosia {unknown}
 n - a potion of berserk rage {unknown}
 s - 3 potions of enlightenment
 t - a potion of invisibility {unknown}


   Skills:
 + Level 5.5 Fighting
 + Level 4.4 Maces & Flails
 + Level 5.5 Armour
 + Level 3.1 Dodging
 + Level 5.5 Shields


You had 7 spell levels left.
You didn't know any spells.
Your spell library was empty.

Dungeon Overview and Level Annotations

Branches:
Dungeon (5/15)
 Temple: D:4-7

Altars:
Ashenzari
Okawaru
Yredelemnul
Lugonu

Shops:
D:3 ?   D:4 [

Portals:
Abyss: D:3

Annotations:
D:3 2 runed translucent doors


Innate Abilities, Weirdness & Mutations

You are immune to sickness and miasma.
Your stone body is resilient. (AC +5)
You are immune to poison.
You resist negative energy. (rN+)
You are resistant to electric shocks. (rElec)
You are resistant to unholy torment.
You are immune to petrification.


Message History

You throw a poisoned dart. The poisoned dart hits the worm.
The worm looks even sicker.
Throw: 13 darts (poison)
Press: ? - help, Q - select action, (/) - cycle Shift-Dir - straight line, f/p - worm
Aim: a worm (very poisoned, 74% to hit)
You throw a poisoned dart. The poisoned dart hits the worm.
The worm looks even sicker.
The worm bites you but does no damage.
The steam dragon hisses angrily.
You hit the worm but do no damage.
The worm is lightly wounded.
The steam dragon breathes steam at you. The ball of steam hits you!!
You completely miss the worm.
The worm is lightly wounded.
You are engulfed in a cloud of scalding steam.
The worm is engulfed in a cloud of scalding steam.
The worm bites you but does no damage.
You are engulfed in a cloud of scalding steam.
The worm is engulfed in a cloud of scalding steam.
The worm dies!
You are engulfed in a cloud of scalding steam.
You hit the steam dragon.
The steam dragon is lightly wounded.
The steam dragon breathes steam at you. The ball of steam hits you!
* * * LOW HITPOINT WARNING * * *
You completely miss the steam dragon.
The steam dragon is lightly wounded.
You are engulfed in a cloud of scalding steam.
* * * LOW HITPOINT WARNING * * *
The steam dragon bites you but does no damage.
The steam dragon claws you but does no damage.
Okay, then.
As you read the scroll of teleportation, it crumbles to dust.
You feel strangely unstable. You block the steam dragon's attack.
The steam dragon completely misses you. The steam dragon breathes steam at you.
The ball of steam hits you!
You die...

.......##.8.###.8.##.#
......#.###.#.###.#.# .
#....##..†#.#...##.######
..##.......8.#8#.8..........
.............#.#......(####.
###.........#.#.#......# ##
............##########.#
###...######†#..######.#
##.##....@§...((...... #.
#.####.D.#####...## # #.#
###.# ... #.# #.# .#.# #.#
#§# #.# #§# #.# #D# #.# #.#
#.. ... #.# #.#. #.#


You could see a steam dragon (catching breath).

Vanquished Creatures
  A sky beast (D:3)
  A black bear (D:4)
  An ogre (D:4)
  A necrophage (D:4)
  A scorpion (D:5)
  2 water moccasin zombies (D:4)
  2 wights (D:4)
  A centaur zombie (D:4)
  A hound (D:5)
  A human zombie (D:4)
  A sleepcap (D:4)
  Jessica (D:3)
  A scorpion zombie (D:4)
  An iguana (D:4)
  A hound zombie (D:4)
  2 howler monkey zombies (D:4)
  8 adders
  A white imp (D:5)
  2 ufetubi (D:5)
  An adder zombie (D:4)
  2 worms
  3 dart slugs
  10 orcs
  8 ball pythons
  7 endoplasms
  3 giant cockroaches
  10 hobgoblins
  A quokka (D:2)
  8 bats
  3 frilled lizards
  5 goblins
  5 kobolds
  2 rats (D:1)
98 creatures vanquished.

Vanquished Creatures (others)
  A worm (D:5)
1 creature vanquished.

Grand Total: 99 creatures vanquished

Notes
Turn   | Place    | Note
-------+----------+-------------------------------------------
     0 | D:1      | voltaire321 the Gargoyle Fighter began the quest for the
                  | Orb.
     0 | D:1      | Reached XP level 1. HP: 14/14 MP: 1/1
   100 | D:1      | Reached XP level 2. HP: 19/19 MP: 2/2
   766 | D:2      | Reached XP level 3. HP: 23/23 MP: 3/3
  1107 | D:2      | Reached skill level 1 in Dodging
  1287 | D:2      | Reached XP level 4. HP: 26/29 MP: 4/4
  1738 | D:3      | Found a large runed translucent door.
  1739 | D:3      | Found a large runed translucent door.
  1828 | D:3      | Found Kergh's Magic Scroll Emporium.
  1839 | D:3      | Bought a scroll of identify for 24 gold pieces
  1839 | D:3      | Bought a scroll of teleportation for 36 gold pieces
  1942 | D:3      | Noticed a sky beast
  1993 | D:3      | Killed a sky beast
  1994 | D:3      | Reached XP level 5. HP: 19/33 MP: 5/5
  2197 | D:3      | Found a one-way gate to the infinite horrors of the Abyss.
  2230 | D:3      | Noticed Jessica
  2242 | D:3      | Killed Jessica
  2449 | D:3      | Found a corrupted altar of Lugonu.
  2787 | D:4      | Reached XP level 6. HP: 38/38 MP: 6/6
  3018 | D:4      | Reached XP level 7. HP: 32/44 MP: 7/7
  3024 | D:4      | Found a basalt altar of Yredelemnul.
  3068 | D:4      | Reached skill level 5 in Fighting
  3068 | D:4      | Reached skill level 5 in Armour
  3068 | D:4      | Reached skill level 5 in Shields
  3220 | D:4      | Found a broken altar of Ashenzari.
  3220 | D:4      | Found an iron altar of Okawaru.
  3458 | D:4      | Found Vaggien's Antique Armour Emporium.
  3693 | D:5      | Entered Level 5 of the Dungeon
  3721 | D:5      | Reached XP level 8. HP: 49/49 MP: 8/8
  3914 | D:5      | Killed from afar by a steam dragon

Illustrated notes

Levels and vault maps discovered:
D:1:      tarquinn_simple_flora_water_f, layout_loops_ring, nicolae_titane
D:2:      layout_basic, kennysheep_donut
D:3:      due_chaos_kobolds, layout_basic, serial_shops, shop_scrolls,
          hangedman_abyss_or_decor_stabs, hangedman_abyss_or_decor_lesser_grid,
          minmay_divided_ellipse, uniq_jessica
D:4:      layout_cave_pools, lemuel_mausoleum_altar_yredelemnul,
          amethyst_overflow_temple_binary, serial_glass, glass_columns_b,
          glass_columns_a, glass_columns_a, glass_columns_b, glass_columns_b,
          glass_columns_a, glass_columns_c, glass_columns_a, glass_columns_b,
          glass_columns_a, glass_columns_a, glass_columns_b, glass_columns_b,
          glass_columns_b, serial_shops, nicolae_shop_trees
D:5:      layout_loops_ring, nicolae_twisty_statue_hallways

Skill      XL: |  1  2  3  4  5  6  7 |
---------------+----------------------+-----
Dodging        | 1 2 3 |  3.1
Fighting       | 4 5 |  5.5
Armour         | 4 5 |  5.5
Shields        | 4 5 |  5.5
Maces & Flails | 3 4 |  4.4

Action                     |  1- 3 |  4- 6 |  7- 9 || total
---------------------------+-------+-------+-------++-------
  Melee: Flail             |   121 |   180 |    97 ||   398
  Throw: Dart              |       |    13 |     9 ||    22
  Evoke: Wand              |       |       |     1 ||     1
    Use: Scroll            |     1 |     2 |     1 ||     4
         Potion            |       |     1 |       ||     1
 Armour: Scale mail        |    81 |   133 |   100 ||   314
  Dodge: Dodged            |    61 |    79 |    64 ||   204
  Block: Buckler           |    27 |    44 |    25 ||    96

Table legend: (Time is in decaauts)
 A = Elapsed time spent in this place.
 B = Non-inter-level travel time spent in this place.
 C = Inter-level travel time spent in this place.
 D = Time resting spent in this place.
 E = Time spent auto-exploring this place.
 F = Levels seen in this place.
 G = Mean time per level.
                   A        B        C        D        E       F      G
               +--------+--------+--------+--------+--------+-----+--------+
         Total |   4024 |   3965 |     59 |    177 |   2561 |   5 |  804.8 |
       Dungeon |   4024 |   3965 |     59 |    177 |   2561 |   5 |  804.8 |
               +--------+--------+--------+--------+--------+-----+--------+

Top non-repeatable levels by time:
     D:3: 1229 daAuts
     D:4: 969 daAuts
     D:2: 895 daAuts
     D:1: 702 daAuts
     D:5: 227 daAuts
